 Dungeon Crawl Stone Soup version 0.26-a0-708-g17f3b190f9 (webtiles) character file.

Game seed: 13477746759053513682

144 robertstho the Gusty (level 5, -2/37 HPs)
             Began as a Gnoll Air Elementalist on Oct 27, 2020.
             Killed from afar by an orc wizard (11 damage)
             ... with a puff of flame
             ... on level 3 of the Dungeon.
             The game lasted 00:05:00 (2375 turns).

robertstho the Gusty (Gnoll Air Elementalist)       Turns: 2375, Time: 00:05:00

Health: -2/37      AC:  2    Str: 11    XL:     5   Next: 27%
Magic:  1/12       EV: 15    Int: 18    God:
Gold:   135        SH:  0    Dex: 15    Spells: 4/14 levels left

rFire    . . .     SeeInvis .   g - +0 short sword (speed)
rCold    . . .     Faith    .   (no shield)
rNeg     . . .     Spirit   .   a - +0 robe
rPois    .         Reflect  .   (no helmet)
rElec    .         Harm     .   (no cloak)
rCorr    .         Rampage  .   (no gloves)
MR       .....                  (no boots)
Stlth    +++.......             (no amulet)
HPRegen  0.12/turn              (no ring)
MPRegen  0.13/turn              (no ring)

@: no status effects
A: distributed training, fangs 1, strong nose
a: no special abilities


You were on level 3 of the Dungeon.
You visited 1 branch of the dungeon, and saw 3 of its levels.

You collected 135 gold pieces.

Inventory:

Hand Weapons
 e - a +0 short sword
 g - a +0 short sword of speed (weapon)
Missiles
 f - 7 poisoned darts (quivered)
Armour
 a - a +0 robe (worn)
 n - a +0 cloak
Scrolls
 b - a scroll of blinking {unknown}
 c - 4 scrolls of teleportation {unknown}
 d - 4 scrolls of magic mapping {unknown}
 i - a scroll of remove curse {unknown}
 k - a scroll of enchant armour {unknown}
 m - a scroll of immolation {unknown}
 o - 2 scrolls of identify {unknown}
Potions
 l - a potion of brilliance {unknown}


   Skills:
 + Level 1.4 Fighting
 + Level 1.4 Short Blades
 + Level 1.4 Long Blades
 + Level 1.4 Axes
 + Level 1.4 Maces & Flails
 + Level 1.4 Polearms
 + Level 1.4 Staves
 + Level 1.4 Slings
 + Level 1.4 Bows
 + Level 1.4 Crossbows
 + Level 1.4 Throwing
 + Level 1.4 Armour
 + Level 4.7 Dodging
 + Level 4.4 Stealth
 + Level 1.4 Shields
 + Level 1.4 Unarmed Combat
 + Level 5.2 Spellcasting
 + Level 2.3 Conjurations
 + Level 1.1 Hexes
 + Level 1.1 Summonings
 + Level 1.1 Necromancy
 + Level 1.1 Translocations
 + Level 1.1 Transmutations
 + Level 1.1 Fire Magic
 + Level 1.1 Ice Magic
 + Level 5.5 Air Magic
 + Level 1.1 Earth Magic
 + Level 1.1 Poison Magic
 + Level 1.6 Invocations
 + Level 1.4 Evocations


You had 4 spell levels left.
You knew the following spells:

 Your Spells              Type           Power        Failure   Level
a - Shock                 Conj/Air       ###.         2%          1
b - Swiftness             Air            ###.....     1%          2
c - Static Discharge      Conj/Air       ###.....     8%          3
d - Airstrike             Air            ###.......   13%         4

Your spell library contained the following spells:

 Spells                   Type           Power        Failure   Level
 Lightning Bolt           Conj/Air       ###.......   56%         5


Dungeon Overview and Level Annotations

Branches:
Dungeon (3/15)

Altars:
Fedhas
Ru

Annotations:
D:2 Terence


Innate Abilities, Weirdness & Mutations

Your experience applies equally to all skills.
You have very sharp teeth.
Your uncanny sense of smell can sniff out nearby items.


Message History

The zap hits the orc wizard.
The orc wizard is moderately wounded.
The orc wizard gestures at you while chanting.
The magic dart hits you.
* * * LOW HITPOINT WARNING * * *
The orc wizard closely misses you. x2
You see here a +0 whip.
Casting: Shock (safe; 2% risk of failure)
Confirm with . or Enter, or press ? or * to list all spells.
You don't have enough magic to cast that spell.
Casting: Shock (safe; 2% risk of failure)
Confirm with . or Enter, or press ? or * to list all spells.
Aiming: Shock (safe; 2% risk of failure)
Press: ? - help, Shift-Dir - straight line, f/p - orc wizard
Aim: an orc wizard, wielding a +0 dagger and wearing a +0 robe (moderately wounded, fast)
The zap hits the orc wizard!
The orc wizard is severely wounded.
The orc wizard points at you and mumbles some strange words.
The puff of flame hits you!
You die...

#.. ..# #.#### #####.# ...
.....### ....#.# # #.# #.##.#..
###.#.####.# #.# #.##.#..
...........#.###.# #.##.#..
................[#########.##.#..
......>.......................'..
..............##......)....##.#..
.....#####.#...#@#####.######.###
.....#####.#...#o# #<# #.#
...(...........#.####### #.#
#........#.#.#.#.....########.#
......##.#.#.......(...........
#...#.#........#.(...########.#
#...#.#......#.#.##### #.#
#...#.##.#.#.#.#.# #######.###
#...#....#.#.#.#.# #..........


You could see an orc wizard (fast).

Vanquished Creatures
  A hound (D:2)
  An orc wizard (D:3)
  An ooze (D:2)
  A worm (D:2)
  A dart slug (D:1)
  3 leopard geckos
  8 orcs (D:3)
  5 ball pythons
  3 giant cockroaches (D:1)
  A goblin (D:1)
  5 hobgoblins
  5 jackals
  8 kobolds
  2 quokkas
  4 bats
  7 frilled lizards
  10 rats
66 creatures vanquished.

Notes
Turn   | Place    | Note
-------+----------+-------------------------------------------
     0 | D:1      | robertstho the Gnoll Air Elementalist began the quest for
                  | the Orb.
     0 | D:1      | Reached XP level 1. HP: 13/13 MP: 6/6
   269 | D:1      | Reached XP level 2. HP: 19/19 MP: 2/7
   621 | D:1      | Reached XP level 3. HP: 25/25 MP: 7/9
   625 | D:1      | Reached skill level 5 in Spellcasting
  1055 | D:1      | Reached skill level 1 in Invocations
  1239 | D:2      | Reached skill level 1 in Fighting
  1239 | D:2      | Reached skill level 1 in Short Blades
  1239 | D:2      | Reached skill level 1 in Long Blades
  1239 | D:2      | Reached skill level 1 in Axes
  1239 | D:2      | Reached skill level 1 in Maces & Flails
  1239 | D:2      | Reached skill level 1 in Polearms
  1239 | D:2      | Reached skill level 1 in Staves
  1239 | D:2      | Reached skill level 1 in Slings
  1239 | D:2      | Reached skill level 1 in Bows
  1239 | D:2      | Reached skill level 1 in Crossbows
  1239 | D:2      | Reached skill level 1 in Throwing
  1239 | D:2      | Reached skill level 1 in Armour
  1239 | D:2      | Reached skill level 1 in Shields
  1239 | D:2      | Reached skill level 1 in Unarmed Combat
  1239 | D:2      | Reached skill level 1 in Evocations
  1339 | D:2      | Reached XP level 4. HP: 22/32 MP: 8/11
  1532 | D:2      | Reached skill level 1 in Hexes
  1532 | D:2      | Reached skill level 1 in Summonings
  1532 | D:2      | Reached skill level 1 in Necromancy
  1532 | D:2      | Reached skill level 1 in Translocations
  1532 | D:2      | Reached skill level 1 in Transmutations
  1532 | D:2      | Reached skill level 1 in Fire Magic
  1532 | D:2      | Reached skill level 1 in Ice Magic
  1532 | D:2      | Reached skill level 1 in Earth Magic
  1532 | D:2      | Reached skill level 1 in Poison Magic
  1587 | D:2      | Noticed Terence
  1648 | D:3      | Learned a level 2 spell: Swiftness
  1652 | D:3      | Learned a level 3 spell: Static Discharge
  1657 | D:3      | Learned a level 4 spell: Airstrike
  1815 | D:3      | Found a sacrificial altar of Ru.
  1894 | D:3      | Found a blossoming altar of Fedhas.
  2357 | D:3      | Reached XP level 5. HP: 13/37 MP: 2/12
  2375 | D:3      | Killed from afar by an orc wizard

Illustrated notes

Levels and vault maps discovered:
D:1:      dpeg_cavernosity, layout_basic
D:2:      layout_loops_ring, xom_teletrap_fun, kennysheep_slug_shrine,
          minmay_circled_x, uniq_terence
D:3:      layout_basic, overflow_temple_1_default,
          chequers_temple_overflow_statue_of_worship, fedhas_altar_2,
          uniq_natasha

Skill      XL: |  1  2  3  4 |
---------------+-------------+-----
Conjurations   | 2 |  2.3
Spellcasting   | 5 |  5.2
Invocations    | 1 |  1.6
Fighting       | 1 |  1.4
Short Blades   | 1 |  1.4
Long Blades    | 1 |  1.4
Axes           | 1 |  1.4
Maces & Flails | 1 |  1.4
Polearms       | 1 |  1.4
Staves         | 1 |  1.4
Slings         | 1 |  1.4
Bows           | 1 |  1.4
Crossbows      | 1 |  1.4
Throwing       | 1 |  1.4
Armour         | 1 |  1.4
Shields        | 1 |  1.4
Unarmed Combat | 1 |  1.4
Evocations     | 1 |  1.4
Hexes          | 1 |  1.1
Summonings     | 1 |  1.1
Necromancy     | 1 |  1.1
Translocations | 1 |  1.1
Transmutations | 1 |  1.1
Fire Magic     | 1 |  1.1
Ice Magic      | 1 |  1.1
Earth Magic    | 1 |  1.1
Poison Magic   | 1 |  1.1
Dodging        | |  4.7
Stealth        | |  4.4
Air Magic      | |  5.5

Action                   |  1- 3 |  4- 6 || total
-------------------------+-------+-------++-------
Melee: Short sword       |    44 |    55 ||    99
       Bite              |     1 |     2 ||     3
 Cast: Shock             |    42 |    30 ||    72
       Static Discharge  |       |    10 ||    10
       Airstrike         |       |     2 ||     2
  Use: Potion            |       |     4 ||     4
 Stab: Sleeping          |     7 |     1 ||     8
Armor: Robe              |     6 |     4 ||    10
Dodge: Dodged            |    46 |    48 ||    94

Table legend: (Time is in decaauts)
 A = Elapsed time spent in this place.
 B = Non-inter-level travel time spent in this place.
 C = Inter-level travel time spent in this place.
 D = Time resting spent in this place.
 E = Time spent auto-exploring this place.
 F = Levels seen in this place.
 G = Mean time per level.
                   A        B        C        D        E       F      G
               +--------+--------+--------+--------+--------+-----+--------+
         Total |   2365 |   2322 |     43 |    225 |   1697 |   3 |  788.3 |
       Dungeon |   2365 |   2322 |     43 |    225 |   1697 |   3 |  788.3 |
               +--------+--------+--------+--------+--------+-----+--------+

Top non-repeatable levels by time:
     D:1: 1127 daAuts
     D:3: 739 daAuts
     D:2: 497 daAuts
